 Dungeon Crawl Stone Soup version 0.28-a0-726-g4a9143789a (webtiles) character file.

Game seed: 9307926038897604358

245 lunkers the Skirmisher (level 6, -12/72 HPs)
             Began as a Djinni Cinder Acolyte on Oct 27, 2021.
             Was a High Priest of Ignis.
             Mangled by Blork the orc (16 damage)
             ... on level 4 of the Dungeon.
             The game lasted 00:05:22 (3611 turns).

lunkers the Skirmisher (Djinni Cinder Acolyte)      Turns: 3611, Time: 00:05:23

Health: -12/72     AC:  5    Str: 11 (13) XL:     6   Next: 32%
Gold:   90         EV:  9    Int: 16 (17) God:    Ignis [*****.] SH:  0 Dex:  7 (9)

rFire   + + +      SeeInvis .   i - staff of fire
rCold   x . .      Faith    .   (no shield)
rNeg    . . .      Spirit   .   l - +0 ring mail
rPois   ∞          Reflect  .   (no helmet)
rElec   .          Harm     .   (no cloak)
rCorr   .          Rampage  .   (no gloves)
Will    .....                   (boots unavailable)
Stlth   ..........              (no amulet)
HPRegen 0.22/turn               (no ring)
MPRegen 0.00/turn               (no ring)

@: berserking, flying, very quick
A: sickness immunity, fire resistance 2, cold vulnerability 1, float, innate
caster, hp casting, extra vitality 1
a: Renounce Religion, Sea of Fire, Foxfire Swarm, Rising Flame


You were on level 4 of the Dungeon.
You worshipped Ignis.
Ignis was extremely pleased with you.
You visited 1 branch of the dungeon, and saw 4 of its levels.

You collected 90 gold pieces.

Inventory:

Hand Weapons
 a - a -1 falchion of flaming
Armour
 b - a +0 robe
 l - a +0 ring mail (worn)
Magical Staves
 i - a staff of fire (weapon)
Jewellery
 d - a ring of resist corrosion
Scrolls
 c - a scroll of noise {unknown}
 e - 2 scrolls of identify {unknown}
 f - a scroll of enchant armour {unknown}
 g - 3 scrolls of teleportation {unknown}
 h - 2 scrolls of magic mapping {unknown}
 o - a scroll of silence {unknown}
Potions
 n - a potion of brilliance {unknown}


   Skills:
 + Level 4.5 Fighting
 - Level 2.6 Long Blades
 * Level 4.4 Spellcasting


You had 8 spell levels left.
You knew the following spells:

 Your Spells              Type           Power      Damage    Failure   Level
a - Scorch                Fire           52%        2d8       10%         2
b - Sandblast             Erth           34%        2d9       6%          1
c - Blink                 Tloc           34%        N/A       10%         2
Your spell library was empty.

Dungeon Overview and Level Annotations

Branches:
Dungeon (4/15)
 Temple: D:4-7

Altars:

Annotations:
D:4 Blork the orc


Innate Abilities, Weirdness & Mutations

You are immune to sickness and miasma.
You are immune to poison.
Your flesh is very heat resistant. (rF++)
You are vulnerable to cold. (rC-)
You float through the air rather than walking.
You learn spells naturally, not from books.
Your magical power is your life essence.
You have superior vitality. (+4 HP)


Message History

You feel a surge of power!
Flames lash Blork the orc.
Blork the orc resists.
Blork the orc is almost dead.
Blork the orc's fire resistance burns away.
* * * LOW HITPOINT WARNING * * *
Blork the orc closely misses you.
Blork the orc hits you with a +0 dire flail!
* * * LOW HITPOINT WARNING * * *
Casting: Scorch (safe; 9% risk of failure)
Press: ? - help, Q - select action, (/) - cycle Dir - look around, f - activate You feel a surge of power!
Flames lash the iguana.
The iguana is heavily wounded.
The iguana's fire resistance burns away.
* * * LOW HITPOINT WARNING * * *
Blork the orc barely misses you.
Unknown command.
You don't have enough health to cast this spell.
Unknown command.
It was a potion of curing.
You feel better.
Blork the orc points at you and mumbles some strange words.
The magic dart hits you!
* * * LOW HITPOINT WARNING * * *
Blork the orc closely misses you.
You feel better.
Blork the orc is no longer more vulnerable to fire.
Blork the orc gestures at you while chanting.
The puff of frost hits you!
You feel a terrible chill!
* * * LOW HITPOINT WARNING * * *
It was a potion of degeneration.
There was something very wrong with that liquid.
You feel weakened.
You feel dopey.
You feel clumsy. Blork the orc closely misses you.
Blork the orc points at you and mumbles some strange words.
The magic dart hits you.
* * * LOW HITPOINT WARNING * * *
It was a potion of berserk rage.
A red film seems to cover your vision as you go berserk!
You feel yourself moving faster!
You feel mighty!
The iguana is no longer more vulnerable to fire.
Blork the orc hits you with a +0 dire flail!
You die...

#....###### ###########.........#
#..............####.#############
.#.###...##..>.........).........
.#..##...#####..####.###########.
.##.....^######..###.........####
...###...........................
##.# #........####n.####.....####
##.# #......#...@ol.....)....#
##.. #...##...#####.#####....#
###.##...####.. ###..####....# #
....# ##.#......##....# ..###
#.....J...###### # #.#
###.###...##### #.# ...
##n....... #.# ######..#.#####
..# #.o.##.#


You could see Blork the orc (fast), a necrophage and an iguana.

Vanquished Creatures
  An ogre (D:4)
  A hound (D:2)
  7 adders
  An adder skeleton (D:4)
  A worm (D:4)
  7 orcs
  3 bats
  4 endoplasms
  3 goblins
  4 hobgoblins
  4 jackals (D:3)
  2 quokkas (D:2)
  5 ball pythons
  4 frilled lizards
  4 kobolds (D:2)
  2 rats
53 creatures vanquished.

Notes
Turn   | Place    | Note
-------+----------+-------------------------------------------
     0 | D:1      | lunkers the Djinni Cinder Acolyte began the quest for the
                  | Orb.
     0 | D:1      | Reached XP level 1. HP: 20/20 MP: 0/0
   787 | D:2      | Reached XP level 2. HP: 20/25 MP: 0/0
  1096 | D:2      | Reached XP level 3. HP: 23/30 MP: 0/0
  1096 | D:2      | Learned a level 1 spell: Sandblast
  1280 | D:2      | Reached XP level 4. HP: 21/35 MP: 0/0
  1749 | D:2      | Reached XP level 5. HP: 27/41 MP: 0/0
  1749 | D:2      | Learned a level 2 spell: Blink
  3356 | D:4      | Noticed an ogre
  3363 | D:4      | Killed an ogre
  3364 | D:4      | Reached XP level 6. HP: 40/48 MP: 0/0
  3580 | D:4      | Noticed Blork the orc
  3594 | D:4      | Noticed a necrophage
  3608 | D:4      | HP: 1/48 [Blork the orc/magic dart (7)]
  3611 | D:4      | Mangled by Blork the orc

Illustrated notes

Levels and vault maps discovered:
D:1:      heliophobic_arrival_ceremonial_halls, layout_basic,
          hangedman_decor_points
D:2:      layout_basic, minmay_misc_feat_nine_boxes
D:3:      layout_rooms, st_stairs_2, minmay_cut_off
D:4:      layout_rooms, minmay_misc_feat_alley, uniq_blork_the_orc

Skill      XL: |  1  2  3  4  5 |
---------------+----------------+-----
Spellcasting   | 3 4 |  4.4
Fighting       | 4 |  4.5
Long Blades    | |  2.6

Action                   |  1- 3 |  4- 6 || total
-------------------------+-------+-------++-------
Melee: Falchion          |    28 |       ||    28
 Cast: Scorch            |    14 |    72 ||    86
  Use: Potion            |       |     4 ||     4
Armor: Robe              |     1 |     4 ||     5
       Ring mail         |       |     2 ||     2
Dodge: Dodged            |    23 |    20 ||    43

Table legend: (Time is in decaauts)
 A = Elapsed time spent in this place.
 B = Non-inter-level travel time spent in this place.
 C = Inter-level travel time spent in this place.
 D = Time resting spent in this place.
 E = Time spent auto-exploring this place.
 F = Levels seen in this place.
 G = Mean time per level.
                   A        B        C        D        E       F      G
               +--------+--------+--------+--------+--------+-----+--------+
         Total |   3615 |   3570 |     45 |    131 |   3062 |   4 |  903.8 |
       Dungeon |   3615 |   3570 |     45 |    131 |   3062 |   4 |  903.8 |
               +--------+--------+--------+--------+--------+-----+--------+

Top non-repeatable levels by time:
     D:2: 1678 daAuts
     D:3: 746 daAuts
     D:1: 735 daAuts
     D:4: 454 daAuts
